 Dungeon Crawl Stone Soup version 0.23.0 (webtiles) character file.

Game seed: 16202832300560013641

70 redwoodhats the Magician (level 4, 0/33 HPs)
             Began as a Mummy Skald on Feb 11, 2019.
             Slain by an orc wizard
             ... wielding a +0 dagger
              (2 damage)
             ... on level 3 of the Dungeon.
             The game lasted 00:13:36 (3264 turns).

redwoodhats the Magician (Mummy Skald)              Turns: 3264, Time: 00:13:37

Health: 0/33       AC:  7    Str: 14    XL:     4   Next: 3%
Magic:  0/9        EV: 11    Int: 12    God:
Gold:   89         SH:  0    Dex: 12    Spells: 4/9 levels left

rFire    x . .     SeeInvis .   h - +1 short sword (flame)
rCold    + . .     Gourm    .   (no shield)
rNeg     + + +     Faith    .   i - +1 ring mail
rPois    ∞         Spirit   .   (no helmet)
rElec    .         Reflect  .   (no cloak)
rCorr    .         Harm     .   d - +0 pair of gloves
MR       .....                  (no boots)
Stlth    +.........             (no amulet)
HPRegen  0.11/turn              (no ring)
MPRegen  0.11/turn              (no ring)

@: singing, very slightly contaminated
A: no food or potions, fire vulnerability, cold resistance 1, negative energy
resistance 3, torment resistance, unbreathing
a: no special abilities


You were on level 3 of the Dungeon.
You were not hungry.

You visited 1 branch of the dungeon, and saw 3 of its levels.

You collected 89 gold pieces.

Inventory:

Hand Weapons
 a - a +0 spear
 e - a -2 hand axe
 h - a +1 short sword of flaming (weapon)
Armour
 b - a +0 leather armour
 c - +0 steam dragon scales
 d - a +0 pair of gloves (worn)
 g - a +0 pair of gloves
 i - a +1 ring mail (worn)
Scrolls
 f - a scroll of identify


   Skills:
 + Level 2.0 Fighting
 + Level 0.8(1.4) Axes
 + Level 1.9(2.0) Polearms
 + Level 1.0 Armour
 + Level 2.0 Dodging
 + Level 3.4 Spellcasting
 + Level 3.0 Charms


You had 4 spell levels left.
You knew the following spells:

 Your Spells              Type           Power        Failure   Level  Hunger
a - Infusion              Chrm           #...         14%         1    N/A
b - Song of Slaying       Chrm           #.......     22%         2    N/A
c - Shroud of Golubria    Chrm/Tloc      #.........   36%         2    N/A

Your spell library contained the following spells:

 Spells                   Type           Power        Failure   Level  Hunger
 Spectral Weapon          Hex/Chrm       #.......     61%         3    N/A
 Regeneration             Chrm/Necr      Unusable     N/A         3    N/A

Dungeon Overview and Level Annotations

Branches:
Dungeon (3/15)

Altars:


Innate Abilities, Weirdness & Mutations

You do not eat or drink.
Your flesh is vulnerable to fire.
You are immune to poison.
Your flesh is cold resistant. (rC+)
You are immune to negative energy. (rN+++)
You are immune to unholy pain and torment.
You can survive without breathing.


Message History

The orc wizard casts a spell at you. The magic dart hits you.
* * * LOW HITPOINT WARNING * * *
Casting: Song of Slaying (safe; 22% risk of failure)
Confirm with . or Enter, or press ? or * to list all spells.
You miscast Song of Slaying.
You are very lightly contaminated with residual magic.
The orc wizard hits you but does no damage.
Casting: Song of Slaying (safe; 22% risk of failure)
Confirm with . or Enter, or press ? or * to list all spells.
You start a new song!
The orc wizard hits you but does no damage. x2
You hit the orc wizard but do no damage.
The orc wizard is heavily wounded.
The orc wizard casts a spell at you. The puff of frost misses you.
You hit the orc wizard. You burn the orc wizard.
The orc wizard is almost dead.
The orc wizard hits you with a +0 dagger.
You die...

#.<..............
#.#######.#######
#.# ##.#####
#.######......#
#........!###.#
#.######.## #.# #
#.# #.# #.# .#.#
#.# #.#
#(####....## #.#
#.(@ooo..... !.#
#####o....## .##
.###.# . o# .o .#
.. ##


You could see an orc wizard and 3 orcs.

Vanquished Creatures
  An adder (D:3)
  An ooze (D:2)
  A worm (D:2)
  A dart slug (D:2)
  2 leopard geckos (D:2)
  3 orcs (D:3)
  A ball python (D:1)
  7 bats
  A giant cockroach (D:1)
  7 goblins
  5 hobgoblins
  A jackal (D:2)
  6 kobolds
  3 frilled lizards
  7 rats
47 creatures vanquished.

Notes
Turn   | Place    | Note
-------+----------+-------------------------------------------
     0 | D:1      | redwoodhats the Mummy Skald began the quest for the Orb.
     0 | D:1      | Reached XP level 1. HP: 16/16 MP: 4/4
   416 | D:1      | Reached XP level 2. HP: 17/22 MP: 0/5
  1755 | D:2      | Reached XP level 3. HP: 21/27 MP: 3/7
  1814 | D:2      | Learned a level 2 spell: Song of Slaying
  1817 | D:2      | Learned a level 2 spell: Shroud of Golubria
  2811 | D:3      | Reached skill level 1 in Armour
  3240 | D:3      | Reached XP level 4. HP: 26/33 MP: 3/9
  3264 | D:3      | Slain by an orc wizard

Skill      XL: |  1  2  3 |
---------------+----------+-----
Spellcasting   | 3 |  3.4
Charms         | 3 |  3.0
Armour         | 1 |  1.0
Dodging        | 2 |  2.0
Fighting       | |  2.0
Axes           | |  0.8
Polearms       | |  1.9

Action                   |  1- 3 |  4- 6 || total
-------------------------+-------+-------++-------
Melee: Spear             |    73 |       ||    73
       Hand axe          |    83 |       ||    83
       Short sword       |    24 |    17 ||    41
 Cast: Infusion          |    19 |       ||    19
       Song of Slaying   |     2 |     2 ||     4
       Shroud of Golubri |     1 |       ||     1
  Use: Scroll            |     6 |       ||     6
Armor: Steam dragon scal |    48 |       ||    48
       Ring mail         |    46 |     7 ||    53
Dodge: Dodged            |   153 |     8 ||   161
